Zazza, neutral female human Tourist --------------- `####################..............| |.............| ----- ---------------- |.............-####....| |[.............| |.............| |.>.| ##...............| ##..............| |...| # |.....)........| # ------|-------- |...| --------- ### ---|------------ # ###### ---|- |.......-# # ######## # # ### ------- |.......| ### # # ### f |.....| |.......| # ### # # #Z@ |.....-#### |.......+## # # ### # |.....| # |.......| --------|-------# ######## ------- ##.........######### |...............# -+--.------ --------- # |.........>.{..| |.........| # ###|...............#############..........| #..`............| |.........| ---------------- |......<..| # ----------- Zazza the Rambler Experience level: 2 Strength: 15 Dexterity: 9 Constitution: 16 Intelligence: 11 Wisdom: 10 Charisma: 16 Health: 0(18) Energy: 4(4) Def: 2 Gold: 1164 Moves: 2054 Dungeon seed: cJEyoy0tWnM-hSbS Game ID: Zazza_1575935276 Your Inventory: Coins $ - 1164 gold pieces Weapons a - 28 +2 darts (in quiver) o - 11 +0 arrows v - 11 +0 crossbow bolts Armor e - a blessed +0 Hawaiian shirt (being worn) q - an uncursed +0 pair of leather gloves (being worn) y - an uncursed +0 cloak of displacement (being worn) Comestibles d - 3 uncursed food rations f - 2 uncursed apples i - 2 uncursed cram rations D - 3 uncursed food rations E - 2 uncursed fortune cookies Scrolls l - an uncursed scroll of magic mapping p - an uncursed scroll of scare monster s - an uncursed scroll of earth A - an uncursed scroll of destroy armor H - a cursed scroll of light I - a blessed scroll of enchant weapon J - 2 uncursed scrolls of identify K - a cursed scroll of magic mapping L - 2 uncursed scrolls of create monster M - an uncursed scroll of magic mapping O - a blessed scroll of create monster P - an uncursed scroll of amnesia Q - an uncursed scroll of amnesia R - an uncursed scroll of blank paper S - a cursed scroll of teleportation Spellbooks u - an uncursed spellbook of confuse monster Potions j - 2 uncursed potions of extra healing r - an uncursed potion of gain ability t - a blessed potion of booze B - a blessed potion of gain energy Rings C - a cursed -1 ring of increase accuracy (on left hand) Tools m - an expensive camera (0:62) n - an uncursed credit card Gems z - an uncursed worthless piece of black glass N - an uncursed worthless piece of blue glass Spells and supernatural/magical abilities: Name Level Category Fail Memory u - confuse monster 2 enchantment 100% 93% W - pray for help -- divine ? -- Your skills at the end: Fighting Skills Weapon Skills dart [Basic] Spellcasting Skills Final Attributes: You were nominally aligned. You were telepathic. You were displaced. You had a -1 penalty to hit. You were lucky. You are dead. Vanquished creatures: a floating eye a dwarf zombie a werejackal an acid blob 4 giant rats 2 green molds a gnome zombie a gecko 3 jackals a fox 2 kobolds 5 goblins 3 grid bugs 5 lichens a kobold zombie 8 newts 40 creatures vanquished. Voluntary challenges: You were an atheist. You never hit with a wielded weapon. You read items or engraved 9 times, starting on turn 59. You never genocided any monsters. You never polymorphed an object. You never changed form. You used no wishes. You never split a pudding. You never wrote Elbereth's name. You never violated your personal moral code. Dungeon overview: The Dungeons of Doom: levels 1 to 5 Level 1 a fountain a long staircase Level 2 a fountain, a sink Level 3 a delicatessen, a fountain Level 4 <- You were here a scroll shop, a fountain a long staircase Level 5 History has recorded: On T:1 you entered the Dungeons of Doom to retrieve the Amulet of Yendor! On T:536 you reached level 2 of The Dungeons of Doom. On T:842 you reached level 3 of The Dungeons of Doom. On T:1300 you reached level 4 of The Dungeons of Doom. On T:1679 you advanced to experience level 2. On T:2042 you reached level 5 of The Dungeons of Doom. Score breakdown: Gold: 281 ( 8334 points) Experience: 2 levels ( 5570 points) Exploration: 5 levels ( 10.00%) ( 8571 points) Discoveries: 5 items ( 1.68%) ( 3885 points) Valuables value: (no points given unless you survive) Artifact value: 0 ( 0 points) Variety of kills: 16 monsters ( 4.20%) ( 6147 points) Turncount: 2054 turns ( -40 points) Survival: died (score multiplied by 80%) Total score: 25973 Latest messages: You can move again. You feel threatened. The spellbook crumbles to dust! (You can name an indigo spellbook from the item naming menu.) You can move again. Armand bites the coyote. The coyote bites! (3x) The dwarf zombie hits! Armand misses the dwarf zombie. You hit the dwarf zombie. Armand bites the dwarf zombie. The dwarf zombie misses Armand. The dwarf zombie hits! You miss the dwarf zombie. Armand bites the dwarf zombie. The dwarf zombie hits Armand. You hit the dwarf zombie. Armand bites the dwarf zombie. The dwarf zombie misses Armand. The dwarf zombie hits! Armand bites the dwarf zombie. The dwarf zombie is destroyed! The dwarf zombie hits! You die... Final status: Aloha Zazza the Tourist, killed by a dwarf zombie... You died in The Dungeons of Doom on dungeon level 4 with 25973 points, and 1164 pieces of gold, after 2054 moves. You were level 2 with a maximum of 18 hit points when you died.